 Dungeon Crawl Stone Soup version 0.29.0-4-gdea44cf6ec (webtiles) character file.

Game seed: 10394778057214710775

46 qw the Chopper (level 3, -2/31 HPs)
             Began as a Minotaur Fighter on Sept 7, 2022.
             Slain by a goblin
             ... wielding a +0 club
             ... led by Robin
              (5 damage)
             ... on level 2 of the Dungeon.
             The game lasted 00:00:30 (1315 turns).

qw the Chopper (Minotaur Fighter)                   Turns: 1315, Time: 00:00:31

Health: -2/31      AC:  6    Str: 22    XL:     3   Next: 46%
Magic:  2/2        EV:  9    Int:  5    God:
Gold:   65         SH:  4    Dex:  9    Spells: 2/2 levels left

rFire   . . .      SeeInvis .   Y - +1 war axe
rCold   . . .      Faith    .   c - +0 buckler
rNeg    . . .      Spirit   .   b - +0 scale mail
rPois   .          Reflect  .   (helmet restricted)
rElec   .          Harm     .   (no cloak)
rCorr   .          Rampage  .   (no gloves)
Will    .....                   (no boots)
Stlth   ..........              (no amulet)
HPRegen 0.10/turn               (no ring)
MPRegen 0.08/turn               (no ring)

@: no status effects
A: horns 2, retaliatory headbutt
a: no special abilities


You were on level 2 of the Dungeon.
You visited 1 branch of the dungeon, and saw 2 of its levels.

You collected 65 gold pieces.


Innate Abilities, Weirdness & Mutations

You have a pair of horns on your head.
You reflexively headbutt those who attack you in melee.


   Skills:
 - Level 3.6 Fighting
 + Level 4.8 Axes
 - Level 3.6 Armour
 - Level 3.6 Shields


You had 2 spell levels left.
You didn't know any spells.
Your spell library was empty.

Inventory:

Hand Weapons
 f - a +0 mace
 Y - a +1 war axe (weapon)
Armour
 b - a +0 scale mail (worn)
 c - a +0 buckler (worn)
Jewellery
 j - a ring of ice
Scrolls
 a - a scroll of identify
 g - a scroll of amnesia {unknown}
Potions
 d - a potion of might
 e - a potion of resistance {unknown}

Dungeon Overview and Level Annotations

Branches:
Dungeon (2/15)

Altars:

Shops:
D:1 *


Message History

You miss the goblin.
The goblin is moderately wounded.
You closely miss the goblin. You hit Robin. The goblin hits you with a +0 club.
Robin closely misses you. The goblin hits you but does no damage.
You block the goblin's attack. The goblin barely misses you.
You completely miss Robin.
Robin is moderately wounded.
You closely miss the goblin. You slash the goblin!
You kill the goblin!
The goblin hits you but does no damage.
A goblin comes into view. It is wielding a +0 dagger.
You block Robin's attack.
You hit Robin.
Robin is moderately wounded.
You barely miss the goblin. Robin throws the goblin at you!
The goblin hits you but does no damage. x2
You barely miss Robin.
Robin is moderately wounded.
You barely miss the goblin. x2
Robin roars a battlecry!
The goblin hits you with a +0 dagger. You block the goblin's attack.
Robin hits you with a +0 vorpal spear. The goblin hits you but does no damage.
The goblin closely misses you.
You barely miss Robin. You headbutt Robin.
Robin is severely wounded.
You slash the goblin!
You kill the goblin!
You barely miss the goblin. The goblin hits you with a +0 club.
Robin throws the goblin at you!
The goblin unwields a +0 sling.
The goblin wields a +0 club.
The goblin hits you but does no damage.
You hit Robin.
You kill Robin!
You barely miss the goblin. x2
The goblin hits you with a +0 club. x2
You closely miss the goblin. Your headbutt misses the goblin.
You barely miss the goblin. The goblin hits you but does no damage.
The goblin hits you with a +0 club.
You die...

#.......# #.#
#.#.......... #.#
#.#........#.#
#.#
#.#.#......#(#
#.#
##.#.##.....#.#
#.# .###....###.#
#.# #.# .........
..# #.# #.#
#..g)# #.# #.#
#.# #@# #.# #.#
#.#
#g###.####)####)#
#...............#
#.###.#.#.#######
#.# #...#...# #..
#.#####.# #>.
#...#...#
#...###.#.###
##.# #...#


You could see 2 goblins.

Vanquished Creatures
  Robin (D:2)
  A dart slug (D:1)
  A ball python (D:1)
  4 bats (D:1)
  3 endoplasms (D:1)
  3 giant cockroaches
  9 goblins
  3 hobgoblins (D:1)
  A kobold (D:1)
  A rat (D:1)
27 creatures vanquished.

Vanquished Creatures (others)
  5 plants
5 creatures vanquished.

Grand Total: 32 creatures vanquished

Notes
Turn   | Place    | Note
-------+----------+-------------------------------------------
     0 | D:1      | qw the Minotaur Fighter began the quest for the Orb.
     0 | D:1      | Reached XP level 1. HP: 19/19 MP: 0/0
     0 | D:1      | 0 ||| qw: Version: 0.1-a-108-g9e35731
     0 | D:1      | 0 ||| qw: Game counter: 6425
     0 | D:1      | 0 ||| qw: Always use a shield: true
     0 | D:1      | 0 ||| qw: God list: Ru
     0 | D:1      | 0 ||| qw: Allow faded altars: false
     0 | D:1      | 0 ||| qw: Do Orc after D:15 true
     0 | D:1      | 0 ||| qw: Do second Lair branch before Depths: true
     0 | D:1      | 0 ||| qw: Lair rune preference: random
     0 | D:1      | 0 ||| qw: Plans: Normal
     0 | D:1      | 0 ||| PLANNING D:1-11
   215 | D:1      | 215 ||| Stepping ~*~*~tactically~*~*~ (stealth).
   257 | D:1      | Reached skill level 3 in Axes
   296 | D:1      | Found a faded altar of an unknown god.
   309 | D:1      | Reached XP level 2. HP: 26/26 MP: 1/1
   375 | D:1      | 375 ||| Stepping ~*~*~tactically~*~*~ (stealth).
   377 | D:1      | 377 ||| Stepping ~*~*~tactically~*~*~ (stealth).
   656 | D:1      | Found Meoteiwk's General Store.
   670 | D:1      | Reached skill level 4 in Axes
   672 | D:1      | 672 ||| SHOPLISTING +0 cloak (54 gold, have 48).
   672 | D:1      | 672 ||| SHOPLISTING +0 plate armour of willpower (360 gold,
                  | have 48).
   672 | D:1      | 672 ||| SHOPLISTING +1 ring mail of cold resistance (192
                  | gold, have 48).
   672 | D:1      | 672 ||| SHOPLISTING potion of haste (120 gold, have 48).
   672 | D:1      | 672 ||| SHOPLISTING potion of heal wounds (60 gold, have
                  | 48).
   943 | D:1      | 943 ||| READING 2 scrolls labelled CUREUC LUDO.
   944 | D:1      | 944 ||| READING scroll labelled QALLAM XOI.
   945 | D:1      | 945 ||| READING scroll labelled QEBESM SOOBLIANWU.
   946 | D:1      | 946 ||| READING scroll labelled IRGHAQ ZIRPHOSEF.
  1095 | D:1      | 1095 ||| READING scroll labelled SAM MOMEKLIO.
  1138 | D:2      | Reached XP level 3. HP: 31/31 MP: 2/2
  1138 | D:2      | 1138 ||| DROPPING +0 club.
  1160 | D:2      | 1160 ||| Stepping ~*~*~tactically~*~*~ (hiding).
  1272 | D:2      | Noticed Robin
  1273 | D:2      | 1273 ||| Stepping ~*~*~tactically~*~*~ (stealth).
  1314 | D:2      | Killed Robin
  1314 | D:2      | HP: 3/31 [goblin/+0 club[Robin] (5)]
  1315 | D:2      | Slain by a goblin

Levels and vault maps discovered:
D:1:      amcnicky_arrival_feature_with_door, layout_basic, serial_forest,
          infiniplex_forest_clump_large, infiniplex_forest_clump_double,
          infiniplex_forest_straight_5, infiniplex_forest_clump_medium,
          shapermc_ecumenical_altar_starsandcircs, serial_shops,
          nicolae_shop_advertising_works [nicolae_subvault_shop_adworks]
D:2:      layout_loops_ring, basic_altar, serial_shops, shop,
          serial_bayou_lagoon_a, uniq_robin

Skill      XL: |  1  2 |
---------------+-------+-----
Axes           | 3 4 |  4.8
Fighting       | |  3.6
Armour         | |  3.6
Shields        | |  3.6

Action                   || total
-------------------------++-------
Melee: War axe           ||    63
       Headbutt          ||     7
  Use: Scroll            ||     5
Armor: Scale mail        ||    27
Dodge: Dodged            ||    24
Block: Buckler           ||    16

Table legend:
 A = Non-vault XP
 B = Vault XP
 C = Vault XP percentage of total XP
 D = Non-vault monster count
 E = Vault monster count
 F = Vault count percentage of total count
                 A         B        C        D         E       F
            +---------+---------+-------+---------+---------+-------
      Total |      42 |      25 |  37.3 |      21 |       6 |  22.2
            +---------+---------+-------+---------+---------+-------
        D:1 |      38 |       0 |   0.0 |      19 |       0 |   0.0
        D:2 |       4 |      25 |  86.2 |       2 |       6 |  75.0
            +---------+---------+-------+---------+---------+-------
